 Dungeon Crawl Stone Soup version 0.27.1-1-g398f81649c (webtiles) character file.

Game seed: 7464452626058176047

74 Descartes the Sneak (level 4, -1/19 HPs)
             Began as a Felid Transmuter on Sept 12, 2021.
             Slain by an orc wizard (4 damage)
             ... on level 3 of the Dungeon.
             The game lasted 00:06:49 (3111 turns).

Descartes the Sneak (Felid Transmuter)              Turns: 3111, Time: 00:06:49

Health: -1/19      AC:  1    Str:  7    XL:     4   Next: 9%
Magic:  4/8        EV: 17    Int: 14    God:
Gold:   108        SH:  0    Dex: 16    Spells: 5/7 levels left
                                        Lives:  0   Deaths: 1

rFire    . . .     SeeInvis +     - Unarmed
rCold    . . .     Faith    .   (shield unavailable)
rNeg     . . .     Spirit   .   (armour unavailable)
rPois    .         Reflect  .   (helmet unavailable)
rElec    .         Harm     .   (cloak unavailable)
rCorr    .         Rampage  .   (gloves unavailable)
Will     .....                  (boots unavailable)
Stlth    +++.......             (no amulet)
HPRegen  0.06/turn              (no ring)
MPRegen  0.11/turn              (no ring)

@: appendages, quick
A: horns 2, very small, claws 1, fangs 3, see invisible, speed 1, shaggy fur 1,
stealthy paws, no weapons or thrown items, no armour, multi-lived
a: End Transformation


You were on level 3 of the Dungeon.
You had temporarily grown beastly horns.
You visited 1 branch of the dungeon, and saw 3 of its levels.

You collected 108 gold pieces.

Inventory:

Scrolls
 a - a scroll of teleportation {unknown}
 e - a scroll of identify {unknown}
 g - a scroll of fear {unknown}
Potions
 b - 2 potions of curing {unknown}
 c - 3 potions of degeneration {unknown}
 d - 2 potions of haste {unknown}
 f - a potion of heal wounds {unknown}
 h - a potion of lignification {unknown}


   Skills:
 - Level 1.0 Fighting
 - Level 2.6 Dodging
 + Level 3.7 Stealth
 - Level 3.0 Unarmed Combat
 - Level 2.0 Spellcasting
 + Level 3.4 Transmutations
 * Level 2.1 Poison Magic


You had 5 spell levels left.
You knew the following spells:

 Your Spells              Type           Power      Damage    Failure   Level
a - Beastly Appendage     Tmut           22%        N/A       6%          1
b - Sting                 Tmut/Pois      36%        1d4       8%          1

Your spell library contained the following spells:

 Spells                   Type           Power      Damage    Failure   Level
 Wereblood                Tmut           11%        N/A       9%          2
 Spider Form              Tmut/Pois      4%         N/A       22%         3
 Ice Form                 Ice/Tmut       6%         N/A       75%         4


Dungeon Overview and Level Annotations

Branches:
Dungeon (3/15)

Altars:


Innate Abilities, Weirdness & Mutations

You have temporarily grown beastly horns.
You have sharp claws.
You have razor-sharp teeth.
You have supernaturally acute eyesight. (SInv)
You cover ground quickly. (Speed+)
You are covered in fur. (AC +1)
Your paws help you pounce on unaware monsters.
You are incapable of wielding weapons or throwing items.
You cannot wear armour.
You gain extra lives every three experience levels.


Message History

You miscast Sting.
You are very lightly contaminated with residual magic.
Nothing appears to happen.
The bat completely misses you. The bat closely misses you.
You closely miss the orc wizard. You headbutt the orc wizard.
The orc wizard is moderately wounded.
You kill the bat!
The orc wizard closely misses you.
You scratch the orc wizard but do no damage.
The orc wizard is moderately wounded.
The orc wizard misses you.
You closely miss the orc wizard.
The orc wizard is moderately wounded.
The orc wizard gestures at you while chanting.
The puff of flame hits you.
You barely miss the orc wizard.
The orc wizard is moderately wounded.
The orc wizard hits you with a +0 mace!
* * * LOW HITPOINT WARNING * * *
You closely miss the orc wizard. Your headbutt misses the orc wizard.
The orc wizard is moderately wounded.
Your horns disappear.
The orc wizard misses you.
You closely miss the orc wizard.
The orc wizard is moderately wounded.
The orc wizard closely misses you.
Casting: Sting (safe; 8% risk of failure)
Confirm with . or Enter, or press ? or * to list all spells.
You grow a pair of large bovine horns.
The orc wizard barely misses you.
Your magical contamination has completely faded away.
You closely miss the orc wizard.
The orc wizard is moderately wounded.
You closely miss the orc wizard. Your headbutt misses the orc wizard.
The orc wizard is moderately wounded.
The orc wizard hits you with a +0 mace.
* * * LOW HITPOINT WARNING * * *
You miss the orc wizard. Your headbutt misses the orc wizard.
The orc wizard is moderately wounded.
The orc wizard hits you with a +0 mace.
You die...

.....###.###.##.#.....#.
...........#.##.#..####.
....###....#....#....##.
#..........###..##.#.##.
#...:......# #.....#.##.
#..........# ##.####.###
.).......# #.####.#
###.o)##.####.#....#
###@##.##.....÷#####
#.......#.#.#......)
#.#.###...÷.#....###
...#.##...........###
#.# #.##.#######.#....
#. #.##.#### #..<... #
#.......# #######
###.###.# ###...#.#


You could see an orc wizard.

Vanquished Creatures
  Terence (D:2)
  2 adders
  A worm (D:2)
  3 dart slugs
  5 orcs (D:3)
  7 bats
  5 endoplasms
  4 goblins
  8 hobgoblins
  2 jackals (D:2)
  4 ball pythons
  5 frilled lizards
  5 kobolds
  4 rats
56 creatures vanquished.

Vanquished Creatures (others)
  A fungus (D:1)
1 creature vanquished.

Grand Total: 57 creatures vanquished

Notes
Turn   | Place    | Note
-------+----------+-------------------------------------------
     0 | D:1      | Descartes the Felid Transmuter began the quest for the Orb.
     0 | D:1      | Reached XP level 1. HP: 9/9 MP: 4/4
   157 | D:1      | Reached skill level 1 in Stealth
   282 | D:1      | Found a faded altar of an unknown god.
   299 | D:1      | Got Plato's Grimoire of Shape Shifting
   302 | D:1      | Learned a level 1 spell: Sting
   314 | D:1      | Reached XP level 2. HP: 12/12 MP: 4/6
   964 | D:2      | Reached skill level 1 in Poison Magic
   978 | D:2      | Reached XP level 3. HP: 3/15 MP: 2/7
  1581 | D:2      | Noticed Terence
  1599 | D:2      | Killed Terence
  1672 | D:2      | Reached XP level 4. HP: 5/19 MP: 8/8
  2079 | D:2      | Succumbed to an adder's poison
  2080 | D:2      | Reached XP level 3. HP: -1/15 MP: 5/7
  2799 | D:3      | Reached XP level 4. HP: 19/19 MP: 6/8
  3111 | D:3      | Slain by an orc wizard

Illustrated notes

Levels and vault maps discovered:
D:1:      dpeg_arrival_rooms_b, layout_basic,
          shapermc_ecumenical_altar_rom_forum
D:2:      layout_loops_ring, uniq_terence
D:3:      layout_basic

Skill      XL: |  1  2  3 |
---------------+----------+-----
Stealth        | 2 3 |  3.7
Poison Magic   | 1 2 |  2.1
Transmutations | 3 |  3.4
Fighting       | |  1.0
Dodging        | |  2.6
Unarmed Combat | |  3.0
Spellcasting   | |  2.0

Action                   |  1- 3 |  4- 6 || total
-------------------------+-------+-------++-------
Melee: Unarmed           |    88 |    34 ||   122
       Headbutt          |     4 |     4 ||     8
       Punch             |     1 |     1 ||     2
       Bite              |     2 |     2 ||     4
 Cast: Sting             |    39 |     7 ||    46
       Beastly Appendage |    12 |     6 ||    18
 Stab: Sleeping          |     5 |       ||     5
       Distracted        |     1 |       ||     1
Armor: Skin              |     9 |     1 ||    10
Dodge: Dodged            |    77 |    37 ||   114
